Workbook
Name Auxiliar: #REF!
Name Auxiliar: #REF!
Name Auxiliar: #REF!
Name Auxiliar: #REF!
Name Auxiliar: #REF!
Name Auxiliar: #REF!
Name CUSTO_VALE_TRANSPORTE: #REF!
Name CUSTO_VALE_TRANSPORTE: #REF!
Name CUSTO_VALE_TRANSPORTE: #REF!
Name CUSTO_VALE_TRANSPORTE: #REF!
Name CUSTO_VALE_TRANSPORTE: #REF!
Name CUSTO_VALE_TRANSPORTE: #REF!
Name ecwece4c: #REF!
Name ecwece4c: #REF!
Name ecwece4c: #REF!
Name ecwece4c: #REF!
Name ecwece4c: #REF!
Name ecwece4c: #REF!
Name MOMB4: '[1]SERVENTE MANUTENCAO'!$I$144
Name MONA1: #REF!
Name MONA1: #REF!
Name MONA1: #REF!
Name MONA1: #REF!
Name MONA1: #REF!
Name MONA1: #REF!
Name MONA2: #REF!
Name MONA2: #REF!
Name MONA2: #REF!
Name MONA2: #REF!
Name MONA2: #REF!
Name MONA2: #REF!
Name MONA3: [2]HIDRAULICO!$I$138
Name MONA4: '[2]SERVENTE (AUX PRODUCAO)'!$I$138
Name MONA5: #REF!
Name MONA5: #REF!
Name MONA5: #REF!
Name MONA5: #REF!
Name MONA5: #REF!
Name MONA5: #REF!
Name MONA6: #REF!
Name MONA6: #REF!
Name MONA6: #REF!
Name MONA6: #REF!
Name MONA6: #REF!
Name MONA6: #REF!
Name MONA7: #REF!
Name MONA7: #REF!
Name MONA7: #REF!
Name MONA7: #REF!
Name MONA7: #REF!
Name MONA7: #REF!
Name MONA8: [2]MECANICO_REFRIGERACAO!$I$138
Name MONB1: #REF!
Name MONB1: #REF!
Name MONB1: #REF!
Name MONB1: #REF!
Name MONB1: #REF!
Name MONB1: #REF!
Name MONB2: #REF!
Name MONB2: #REF!

Sheet Técnico Turno 1
A1: PLANILHA DE CUSTOS E FORMAÇÃO DE PREÇOS DE SERVIÇOS CONTINUADOS COM DEDICAÇÃO EXCLUSIVA DE MÃO DE OBRA (ANEXO III - DECRETO 52.768 de 15.12.2015)
A2: PROCESSO: | C2: 26/1166-9000050-7 | E2: REGIME DE TRIBUTAÇÃO: LUCRO REAL
A3: LICITAÇÃO/EDITAL | E3: ABERTURA:
A5: Cargo/Função: | D5: Técnicos de Luz, Som e Vídeo Turno 1 | G5: =IF(D6="12x36","Regime de trabalho:","Quantidade de HORAS/MÊS") -> Quantidade de HORAS/MÊS | I5: =IF(D6="12x36",D6,5*D6) -> 220
A6: =IF(D6="12x36","Regime de trabalho:","Regime de trabalho (horas semanais):") -> Regime de trabalho (horas semanais): | D6: 44
A7: Convenção Coletiva de Trabalho: | D7: RS004149/2025 | G7: INSALUBRIDADE (10%, 20%, 40%) | I7: Não aplicável
A8: Origem do salário: | D8: CCT
A9: Cidade: | D9: Porto Alegre | G9: PERICULOSIDADE (30%) | I9: 0.3
A10: Salário Normativo | G10: Vlr. do salário e nº de horas correspondentes | H10: 220 | I10: 4443.9
A11: ISS | G11: =D9 -> Porto Alegre | H11: Alíquota | I11: 0.025
A12: Tarifa Transporte | G12: CCT | H12: Vr. Unitário | I12: 5.3
H13: Dias | I13: 26
H14: Desconto | I14: 0.06
A15: Auxílio Alimentação | G15: IV ETP | H15: Vr. Unitário | I15: 37.9
H16: Dias | I16: 26
H17: Desconto | I17: 0.2
A18: Auxílio Lanche | G18: CCT | H18: Vr. Unitário | I18: 0
H19: Dias | I19: 0
H20: Desconto | I20: 0
A21: Prêmio Assiduidade / Cesta Básica (quando houver) | G21: CCT | H21: Valor mensal | I21: Não aplicável
A22: Plano de Benefício Social Familiar (apenas para a CCT SEEAC/SINDASSEIO) | G22: CCT | H22: Valor mensal | I22: Não aplicável
A23: Outros benefícios que refletem na planilha de custos, caso constem na CCT. | G23: CCT | H23: Valor mensal | I23: Não aplicável
A24: Adicional de Supervisor (37%) | H24: Porcentagem | I24: Não aplicável
A25: Base de cálculo da insalubridade | H25: Valor | I25: 0
A26: Quantitativo de horas trabalhadas em feriados no mês (estimado) - Não aplicável para postos 12x36 | H26: Horas por mês | I26: Não aplicável
H27: Acréscimo da hora extra | I27: Não aplicável
A28: Hora Intervalar (somente para postos 12x36, quando for o caso) | H28: Horas por mês | I28: Não aplicável
A29: Sem fornecimento de materiais ou apenas fornecimento de EPIs ou uniformes, utilizar 10%. Com fornecimento de materiais ou equipamentos, utilizar 20%. (Decreto 52.768/2015, alterado pelo Decreto 53.424/2017) | H29: Porcentagem | I29: 0.1
I30: Não aplicável
A36: MONTANTE A
A37: I | B37: Remuneração - Grupo I | H37: % | I37: Valor Mensal/unidade de serviço (R$)
A38: 1 | B38: Salário | H38: =I38/$I$46 -> 0.76923077 | I38: =IF(D6="12x36",I10,I10/H10*I5) -> 4443.9
A39: =A38+1 -> 2 | B39: Adicional Periculosidade 30% (Ver súmulas 364, 132 e 191 do TST) | H39: =I39/$I$46 -> 0.23076923 | I39: =IF(I9=30%,I38*I9,0) -> 1333.17
A40: =A39+1 -> 3 | B40: Adicional Insalubridade 10% (Ver súmula 228 e 139 TST) (1) | H40: =I40/$I$46 -> 0 | I40: =IF(I7=10%,I25*I7,0) -> 0
A41: =A40+1 -> 4 | B41: Adicional Insalubridade 20% (Ver súmula 228 e 139 TST) (1) | H41: =I41/$I$46 -> 0 | I41: =IF(I7=20%,I25*I7,0) -> 0
A42: =A41+1 -> 5 | B42: Adicional Insalubridade 40% (Ver súmula 228 e 139 TST) (1) | H42: =I42/$I$46 -> 0 | I42: =IF(I7=40%,I25*I7,0) -> 0
A43: =A42+1 -> 6 | B43: Adicional de Supervisor (IN 05/2017 MPOG SLTI) | H43: =I43/$I$46 -> 0 | I43: =IF(I24="Não aplicável",0,I38*I24) -> 0
A44: =A43+1 -> 7 | B44: Feriados | H44: =I44/$I$46 -> 0 | I44: =IF(I26="Não aplicável",0,(I38+I39+I40+I41+I42+I43)/I5*I26*(1+I27)) -> 0
A45: =A44+1 -> 8 | B45: DSR = número total das horas extras do mês / número de dias úteis X domingos e feriados do mês X valor da hora extra com acréscimo | H45: =I45/$I$46 -> 0 | I45: =IF(I26="Não aplicável",0,I26/I13*5*(I10/H10*(1+I27))) -> 0
A46: Total de Remuneração | H46: =SUM(H38:H45) -> 1 | I46: =SUM(I38:I45) -> 5777.07
A47: (1) | B47: Para posto de trabalho que tenha a necessidade de pagamento de adicional de insalubridade, a planilha de custos irá prever o salário proporcional como base de cálculo da insalubridade, conforme Pareceres da PGE nº 21.858/26 e 18.200/2020 e Promoção da PGE disposta no processo administrativo nº 20/2000-0034874-2. Porém, será permitida à licitante a alteração da base de cálculo na planilha de custos para que seja previsto o salário normativo do cargo ou o salário mínimo nacional (o que se aplicar mais benéfico). Uma vez caracterizada a condição insalubre, deve a empresa contratada pagar ao empregado o respectivo adicional na sua integralidade, independentemente da jornada de trabalho do empregado.
A57: II | B57: Encargos Sociais - Grupo II: Obrigações Sociais | H57: % | I57: Valor Mensal/unidade de serviço (R$)
A58: 1 | B58: INSS (art. 22, inc. I, Lei nº 8.212/91) | H58: 0.2 | I58: =$I$46*H58 -> 1155.414
A59: 2 | B59: SESI ou SESC (art. 30, Lei nº 8.036/90) | H59: 0.015 | I59: =$I$46*H59 -> 86.65605
A60: 3 | B60: SENAI ou SENAC (Decreto-Lei nº 2.318/86) | H60: 0.01 | I60: =$I$46*H60 -> 57.7707
A61: 4 | B61: INCRA (art. 15I, Lei Complementar nº 011/71) | H61: 0.002 | I61: =$I$46*H61 -> 11.55414
A62: 5 | B62: SALÁRIO EDUCAÇÃO (art. , inc. I, Decreto nº 87.043/82) | H62: 0.025 | I62: =$I$46*H62 -> 144.42675
A63: 6 | B63: FGTS (art. 15, Lei nº 8.036/90) | H63: 0.08 | I63: =$I$46*H63 -> 462.1656
A64: 7 | B64: SEG. ACIDENTE DO TRABALHO 1%, 2% e 3% (art. 22, inc. II, alíneas "b" e "c", da Lei nº 8.212/91) (2) | H64: 0.03 | I64: =$I$46*H64 -> 173.3121
A65: 8 | B65: SEBRAE (§ 3º, art. 8º, Lei nº 8.029/90) | H65: 0.006 | I65: =$I$46*H65 -> 34.66242
A66: Total do Grupo II | H66: =SUM(H58:H65) -> 0.368 | I66: =SUM(I58:I65) -> 2125.9618
A67: (2) | B67: Os percentuais para o SAT podem variar de 0,50% a 6,00% em função do Fator de Acidente Previdenciário (FAP), Decreto nº 6.957/2009
B68: Deverá obrigatoriamente acompanhar a proposta de preços e a planilha de custos e formação de preços a prova do Fator Acidentário de Prevenção – FAP por meio de impressão de consulta ao site do Ministério da Previdência Social (que pode ser obtido no endereço eletrônico http://www2.dataprev.gov.br/fap/fap.htm), independentemente de alteração da alíquota da parcela do Seguro Acidente de Trabalho disposta no Quadro II da referida planilha.
A69: III | B69: Encargos Sociais - Grupo III: Tempo Não Trabalhado | H69: % | I69: Valor Mensal/unidade de serviço (R$)
A70: 1 | B70: FÉRIAS GOZADAS + ADICIONAL DE FÉRIAS | H70: 0.119314 | I70: =$I$46*H70 -> 689.28533
A71: 2 | B71: FALTAS ABONADAS (3) | H71: 0.020479 | I71: =$I$46*H71 -> 118.30862
A72: 3 | B72: FALTAS LEGAIS (4) | H72: 0.012123 | I72: =$I$46*H72 -> 70.03542
A73: 4 | B73: LICENÇA MATERNIDADE | H73: 0.011436 | I73: =$I$46*H73 -> 66.066573
A74: 5 | B74: LICENÇA PATERNIDADE | H74: 0.000174 | I74: =$I$46*H74 -> 1.0052102
A75: 6 | B75: ACIDENTE DE TRABALHO | H75: 0.000442 | I75: =$I$46*H75 -> 2.5534649
A76: 7 | B76: AVISO PRÉVIO TRABALHADO | H76: 0.000185 | I76: =$I$46*H76 -> 1.0687579
A77: 8 | B77: 13º SALÁRIO | H77: 0.09079 | I77: =$I$46*H77 -> 524.50019
A78: Total do Grupo III | H78: =SUM(H70:H77) -> 0.254943 | I78: =SUM(I70:I77) -> 1472.8236
A79: (3) | B79: Faltas Justificadas por Auxílio Doença
A80: (4) | B80: Faltas Legais - Art. 473 CLT
A81: IV | B81: Encargos Sociais - Grupo IV: Indenizações | H81: % | I81: Valor Mensal/unidade de serviço (R$)
A82: 1 | B82: INDENIZAÇÕES | H82: 0.048321 | I82: =$I$46*H82 -> 279.1538
A83: 2 | B83: FGTS SOBRE INDENIZAÇÕES | H83: 0.003511 | I83: =$I$46*H83 -> 20.283293
A84: 3 | B84: INDENIZAÇÃO COMPENSATÓRIA POR DEMISSÃO SEM JUSTA CAUSA | H84: 0.019328 | I84: =$I$46*H84 -> 111.65921
A85: Total do Grupo IV | H85: =SUM(H82:H84) -> 0.07116 | I85: =SUM(I82:I84) -> 411.0963
A87: V | B87: Encargos Sociais - Grupo V: Incidências | H87: % | I87: Valor Mensal/unidade de serviço (R$)
A88: 1 | B88: INCIDÊNCIA GRUPO II (Obrigações Sociais) X GRUPO III (Tempo Não Trabalhado) | H88: =(H66*H78) -> 0.093819024 | I88: =$I$46*H88 -> 541.99907
A89: Total do Grupo V | H89: =SUM(H88:H88) -> 0.093819024 | I89: =I88 -> 541.99907
A91: TOTAL DOS ENCARGOS SOCIAIS (II + III + IV + V) | H91: =H66+H78+H85+H89 -> 0.78792202 | I91: =I66+I78+I85+I89 -> 4551.8807
A93: VI | B93: Demais custos relativos à Norma Coletiva ou Disposições Legais - Grupo VI | H93: % | I93: Valor Mensal/unidade de serviço (R$)
A94: 1 | B94: Auxílio Alimentação | H94: =I94/$I$46 -> 0.13645672 | I94: =I115 -> 788.32
A95: =A94+1 -> 2 | B95: Auxílio Lanche | H95: =I95/$I$46 -> 0 | I95: =I111 -> 0
A96: =A95+1 -> 3 | B96: Plano de Saúde | H96: =I96/$I$46 -> 0 | I96: 0
A97: =A96+1 -> 4 | B97: Vale-Transporte⁽⁵⁾ | H97: =I97/$I$46 -> 0.0015519978 | I97: =I107 -> 8.966
A98: =A97+1 -> 5 | B98: Adicional Intervalar | H98: =I98/$I$46 -> 0 | I98: =IF(I28="Não aplicável",0,((I10/H10)*1.5*I28)) -> 0
A99: 6 | B99: Prêmio Assiduidade (quando houver) | H99: =I99/$I$46 -> 0 | I99: =IF(I21="Não aplicável",0,I21) -> 0
A100: 7 | B100: Plano de Benefício Social Familiar (apenas para a CCT SEEAC/SINDASSEIO) | H100: =I100/$I$46 -> 0 | I100: =IF(I22="Não aplicável",0,I22) -> 0
A101: 8 | B101: Auxílio Creche | H101: =I101/$I$46 -> 0 | I101: 0
A102: 9 | B102: Outros | H102: =I102/$I$46 -> 0 | I102: =IF(I23="Não aplicável",0,I23) -> 0
A103: Total do Grupo VI | H103: =SUM(H94:H102) -> 0.13800871 | I103: =SUM(I94:I102) -> 797.286
A104: (5) | B104: O valor do vale-transporte pode variar de acordo com o modal fornecido pelo empregador.
A105: MEMÓRIA DE CÁLCULO DO VALE TRANSPORTE
A106: Valor Unitário | C106: Dias de Trabalho | D106: Vale p/dia | E106: Custo total | F106: Base de cálculo | G106: Percentual de desconto | H106: Valor desconto | I106: Custo efetivo
A107: =IF(I12="Não aplicável",0,I12) -> 5.3 | C107: =IF(I13="Não aplicável",0,I13) -> 26 | D107: 2 | E107: =A107*C107*D107 -> 275.6 | F107: =I38 -> 4443.9 | G107: =IF(I14="Não aplicável",0,I14) -> 0.06 | H107: =F107*G107 -> 266.634 | I107: =IF((E107-H107)>0,E107-H107,0) -> 8.966
A109: MEMÓRIA DE CÁLCULO DO VALE LANCHE
A110: Valor Unitário | C110: Dias por mês | D110: Vale p/dia | E110: Custo total | F110: Base de cálculo | G110: Percentual de desconto | H110: Valor desconto | I110: Custo efetivo
A111: =IF(I18="Não aplicável",0,I18) -> 0 | C111: =IF(I19="Não aplicável",0,I19) -> 0 | D111: 1 | E111: =A111*C111*D111 -> 0 | F111: =E111 -> 0 | G111: =IF(I20="Não aplicável",0,I20) -> 0 | H111: =F111*G111 -> 0 | I111: =E111-H111 -> 0
A113: MEMÓRIA DE CÁLCULO DO | F113: =A15 -> Auxílio Alimentação
A114: Valor Unitário | C114: Dias por mês | D114: Vale p/dia | E114: Custo total | F114: Base de cálculo | G114: Percentual de desconto | H114: =H106 -> Valor desconto | I114: Custo efetivo
A115: =IF(I15="Não aplicável",0,I15) -> 37.9 | C115: =IF(I16="Não aplicável",0,I16) -> 26 | D115: 1 | E115: =A115*C115*D115 -> 985.4 | F115: =E115 -> 985.4 | G115: =IF(I17="Não aplicável",0,I17) -> 0.2 | H115: =F115*G115 -> 197.08 | I115: =E115-H115 -> 788.32
A117: TOTAL DO MONTANTE A (I + II + III+ IV + V +VI) | H117: =H46+H91+H103 -> 1.9259307 | I117: =I46+I91+I103 -> 11126.237
A119: MONTANTE B
A120: I | B120: Despesas Diretas | H120: % | I120: Valor Mensal/unidade de serviço (R$)
A121: 1 | B121: Transporte (6) | H121: =I121/$I$133 -> 0 | I121: 0
A122: 2 | B122: Uniformes/EPI (6a) | H122: =I122/$I$133 -> 0 | I122: 0
...

Sheet Técnico Turno 2
A1: PLANILHA DE CUSTOS E FORMAÇÃO DE PREÇOS DE SERVIÇOS CONTINUADOS COM DEDICAÇÃO EXCLUSIVA DE MÃO DE OBRA (ANEXO III - DECRETOS 52.768 de 15.12.2015 e 54.273 de 10.10.2018)
A2: PROCESSO: | C2: 26/1166-9000050-7 | E2: REGIME DE TRIBUTAÇÃO: LUCRO REAL
A3: LICITAÇÃO/EDITAL | E3: ABERTURA:
A5: Cargo/Função: | D5: Técnicos de Luz, Som e Vídeo Turno 2 | G5: =IF(D6="12x36","Regime de trabalho:","Quantidade de HORAS/MÊS") -> Quantidade de HORAS/MÊS | I5: =IF(D6="12x36",D6,5*D6) -> 220
A6: =IF(D6="12x36","Regime de trabalho:","Regime de trabalho (horas semanais):") -> Regime de trabalho (horas semanais): | D6: 44
A7: Convenção Coletiva de Trabalho: | D7: RS004149/2025 | G7: INSALUBRIDADE (10%, 20%, 40%) | I7: Não aplicável
A8: Origem do salário: | D8: CCT
A9: Cidade: | D9: Porto Alegre | G9: PERICULOSIDADE (30%) | I9: 0.3
A10: Salário Normativo | G10: Vlr. do salário e nº de horas correspondentes | H10: 220 | I10: 4443.9
A11: ISS | G11: =D9 -> Porto Alegre | H11: Alíquota | I11: 0.025
A12: Tarifa Transporte | G12: CCT | H12: Vr. Unitário | I12: 5.3
H13: Dias | I13: 26
H14: Desconto | I14: 0.06
A15: Vale Alimentação | G15: IV ETP | H15: Vr. Unitário | I15: 37.9
H16: Dias | I16: 26
H17: Desconto | I17: 0.2
A18: Auxílio Lanche | G18: CCT | H18: Vr. Unitário | I18: 0
H19: Dias | I19: 0
H20: Desconto | I20: 0
A21: Prêmio Assiduidade (quando houver) | G21: CCT | H21: Valor mensal | I21: Não aplicável
A22: Plano de Benefício Social Familiar (apenas para a CCT SEEAC/SINDASSEIO) | G22: CCT | H22: Valor mensal | I22: Não aplicável
A23: Outros benefícios que refletem na planilha de custos, caso constem na CCT | G23: CCT | H23: Valor mensal | I23: Não aplicável
A24: Adicional de Supervisor (37%) | H24: Porcentagem | I24: Não aplicável
A25: Base de cálculo da insalubridade | H25: Valor | I25: 0
A26: Quantitativo de horas trabalhadas em feriados no mês (estimado) - Não aplicável para postos 12x36 | H26: Horas por mês | I26: Não aplicável
H27: Acréscimo da hora extra | I27: Não aplicável
A28: Hora Intervalar (somente para postos 12x36, quando for o caso) | H28: Horas por mês | I28: Não aplicável
A29: Sem fornecimento de materiais ou apenas fornecimento de EPIs ou uniformes, utilizar 10%. Com fornecimento de materiais ou equipamentos, utilizar 20%. (Decreto 52.768/2015, alterado pelo Decreto 53.424/2017) | H29: Porcentagem | I29: 0.1
A30: Adicional Noturno: Horas: [(60/52,5) x Nº de horas noturnas diárias] x Nº de dias trabalhados com hora noturna Valor hora: (vlr. do salário/nº de horas correspondente do salário) x Porcentagem do adicionl noturno | G30: CCT | H30: Nº horas | I30: =((60/52.5)*1.83)*22 -> 46.011429
H31: Vr. Hora | I31: =I10/H10*I32 -> 4.0399091
H32: Porcentagem do adicional noturno | I32: 0.2
A33: Reduzida Noturna Horas Reduzidas: {[(60/52,5) x Nº de horas noturnas diárias] - Nº de horas noturnas diárias} X Nº de dias trabalhados com hora noturna Valor hora: (vlr. do salário/nº de horas correspondente do salário) x 150% (H.Extra) | G33: CCT | H33: Nº horas | I33: =(((60/52.5)*1.83)-1.83)*26 -> 6.7971429
H34: Vr. Hora | I34: =(I10/H10)*1.5 -> 30.299318
I35: Não aplicável
A36: MONTANTE A
A37: I | B37: Remuneração - Grupo I | H37: % | I37: Valor Mensal/unidade de serviço (R$)
A38: 1 | B38: Salário | H38: =I38/$I$55 -> 0.6981977 | I38: =IF(D6="12x36",I10,I10/H10*I5) -> 4443.9
A39: =A38+1 -> 2 | B39: Adicional Noturno 20% (Ver súmula 60 TST) | H39: =I39/$I$55 -> 0 | I39: 0
A40: =A39+1 -> 3 | B40: Adicional Periculosidade 30% (Ver súmulas 364, 132 e 191 do TST) | H40: =I40/$I$55 -> 0.20945931 | I40: =IF(I9=30%,I38*I9,0) -> 1333.17
A41: =A40+1 -> 4 | B41: Adicional Insalubridade 10% (Ver súmula 228 e 139 TST) (1) | H41: =I41/$I$55 -> 0 | I41: =IF(I7=10%,I25*I7,0) -> 0
A42: =A41+1 -> 5 | B42: Adicional Insalubridade 20% (Ver súmula 228 e 139 TST) (1) | H42: =I42/$I$55 -> 0 | I42: =IF(I7=20%,I25*I7,0) -> 0
A43: =A42+1 -> 6 | B43: Adicional Insalubridade 40% (Ver súmula 228 e 139 TST) (1) | H43: =I43/$I$55 -> 0 | I43: =IF(I7=40%,I25*I7,0) -> 0
A44: =A43+1 -> 7 | B44: Adicional de Supervisor (IN 05/2017 MPOG SLTI) | H44: =I44/$I$55 -> 0 | I44: =IF(I24="Não aplicável",0,I38*I24) -> 0
A45: =A44+1 -> 8 | B45: Feriados | H45: =I45/$I$55 -> 0 | I45: =IF(I26="Não aplicável",0,(I38+I39+I40+I41+I42+I43+I44+I54)/I5*I26*(1+I27)) -> 0
A46: =A45+1 -> 9 | B46: DSR = número total das horas extras do mês / número de dias úteis X domingos e feriados do mês X valor da hora extra com acréscimo | H46: =I46/$I$55 -> 0 | I46: =IF(I26="Não aplicável",0,I26/I13*5*(I10/H10*(1+I27))) -> 0
A47: =A46+1 -> 10 | B47: Reduzida Noturna | H47: =I47/$I$55 -> 0.032357383 | I47: =I33*I34 -> 205.94879
A48: =A47+1 -> 11 | B48: Adicional de insalubridade sobre Reduzida Noturna | H48: =I48/$I$55 -> 0 | I48: =IF(OR(I7=10%,I7=20%,I7=40%),I47*I7,0) -> 0
A49: =A48+1 -> 12 | B49: Adicional de periculosidade sobre Reduzida Noturna | H49: =I49/$I$55 -> 0.0097072149 | I49: =IF(I9=30%,I47*I9,0) -> 61.784638
A50: =A49+1 -> 13 | B50: Adicional Noturno | H50: =I50/$I$55 -> 0.029204612 | I50: =I30*I31 -> 185.88199
A51: =A50+1 -> 14 | B51: Adicional de insalubridade sobre o Adicional Noturno | H51: =I51/$I$55 -> 0 | I51: =IF(OR(I7=10%,I7=20%,I7=40%),I50*I7,0) -> 0
A52: =A51+1 -> 15 | B52: Adicional de periculosidade sobre o Adicional Noturno | H52: =I52/$I$55 -> 0.0087613837 | I52: =IF(I9=30%,I50*I9,0) -> 55.764597
A53: =A52+1 -> 16 | B53: Integração RSRF (20%) sobre H. Extra Red. Noturna e Adic Noturno = [Reduzida Noturna + Adic. Noturno]*[Descanso Semanal Remunerado] (20%) | H53: =I53/$I$55 -> 0.012312399 | I53: =(I47+I50)*0.2 -> 78.366157
A54: =A53+1 -> 17 | B54: =IF(D6="12x36","Para postos 12x36 os feriados são considerados compensados, conforme parágrafo único, Art. 59-A da CLT","Outros") -> Outros | H54: =I54/$I$55 -> 0 | I54: 0
A55: Total de Remuneração | H55: =SUM(H38:H54) -> 1 | I55: =SUM(I38:I54) -> 6364.8162
A56: (1) | B56: Para posto de trabalho que tenha a necessidade de pagamento de adicional de insalubridade, a planilha de custos irá prever o salário proporcional como base de cálculo da insalubridade, conforme Pareceres da PGE nº 21.858/26 e 18.200/2020 e Promoção da PGE disposta no processo administrativo nº 20/2000-0034874-2. Porém, será permitida à licitante a alteração da base de cálculo na planilha de custos para que seja previsto o salário normativo do cargo ou o salário mínimo nacional (o que se aplicar mais benéfico). Uma vez caracterizada a condição insalubre, deve a empresa contratada pagar ao empregado o respectivo adicional na sua integralidade, independentemente da jornada de trabalho do empregado.
A57: II | B57: Encargos Sociais - Grupo II: Obrigações Sociais | H57: % | I57: Valor Mensal/unidade de serviço (R$)
A58: 1 | B58: INSS (art. 22, inc. I, Lei nº 8.212/91) | H58: 0.2 | I58: =$I$55*H58 -> 1272.9632
A59: 2 | B59: SESI ou SESC (art. 30, Lei nº 8.036/90) | H59: 0.015 | I59: =$I$55*H59 -> 95.472243
A60: 3 | B60: SENAI ou SENAC (Decreto-Lei nº 2.318/86) | H60: 0.01 | I60: =$I$55*H60 -> 63.648162
A61: 4 | B61: INCRA (art. 15I, Lei Complementar nº 011/71) | H61: 0.002 | I61: =$I$55*H61 -> 12.729632
A62: 5 | B62: SALÁRIO EDUCAÇÃO (art. , inc. I, Decreto nº 87.043/82) | H62: 0.025 | I62: =$I$55*H62 -> 159.1204
A63: 6 | B63: FGTS (art. 15, Lei nº 8.036/90) | H63: 0.08 | I63: =$I$55*H63 -> 509.18529
A64: 7 | B64: SEG. ACIDENTE DO TRABALHO 1%, 2% e 3% (art. 22, inc. II, alíneas "b" e "c", da Lei nº 8.212/91) (2) | H64: 0.03 | I64: =$I$55*H64 -> 190.94449
A65: 8 | B65: SEBRAE (§ 3º, art. 8º, Lei nº 8.029/90) | H65: 0.006 | I65: =$I$55*H65 -> 38.188897
A66: Total do Grupo II | H66: =SUM(H58:H65) -> 0.368 | I66: =SUM(I58:I65) -> 2342.2524
A67: (2) | B67: Os percentuais para o SAT podem variar de 0,50% a 6,00% em função do Fator de Acidente Previdenciário (FAP), Decreto nº 6.957/2009
B68: Deverá obrigatoriamente acompanhar a proposta de preços e a planilha de custos e formação de preços a prova do Fator Acidentário de Prevenção – FAP por meio de impressão de consulta ao site do Ministério da Previdência Social (que pode ser obtido no endereço eletrônico http://www2.dataprev.gov.br/fap/fap.htm), independentemente de alteração da alíquota da parcela do Seguro Acidente de Trabalho disposta no Quadro II da referida planilha.
A69: III | B69: Encargos Sociais - Grupo III: Tempo Não Trabalhado | H69: % | I69: Valor Mensal/unidade de serviço (R$)
A70: 1 | B70: FÉRIAS GOZADAS + ADICIONAL DE FÉRIAS | H70: 0.119314 | I70: =$I$55*H70 -> 759.41168
A71: 2 | B71: FALTAS ABONADAS (3) | H71: 0.020479 | I71: =$I$55*H71 -> 130.34507
A72: 3 | B72: FALTAS LEGAIS (4) | H72: 0.012123 | I72: =$I$55*H72 -> 77.160666
A73: 4 | B73: LICENÇA MATERNIDADE | H73: 0.011436 | I73: =$I$55*H73 -> 72.788038
A74: 5 | B74: LICENÇA PATERNIDADE | H74: 0.000174 | I74: =$I$55*H74 -> 1.107478
A75: 6 | B75: ACIDENTE DE TRABALHO | H75: 0.000442 | I75: =$I$55*H75 -> 2.8132487
A76: 7 | B76: AVISO PRÉVIO TRABALHADO | H76: 0.000185 | I76: =$I$55*H76 -> 1.177491
A77: 8 | B77: 13º SALÁRIO | H77: 0.09079 | I77: =$I$55*H77 -> 577.86166
A78: Total do Grupo III | H78: =SUM(H70:H77) -> 0.254943 | I78: =SUM(I70:I77) -> 1622.6653
A79: (3) | B79: Faltas Justificadas por Auxílio Doença
A80: (4) | B80: Faltas Legais - Art. 473 CLT
A81: IV | B81: Encargos Sociais - Grupo IV: Indenizações | H81: % | I81: Valor Mensal/unidade de serviço (R$)
A82: 1 | B82: INDENIZAÇÕES | H82: 0.048321 | I82: =$I$55*H82 -> 307.55428
A83: 2 | B83: FGTS SOBRE INDENIZAÇÕES | H83: 0.003511 | I83: =$I$55*H83 -> 22.34687
A84: 3 | B84: INDENIZAÇÃO COMPENSATÓRIA POR DEMISSÃO SEM JUSTA CAUSA | H84: 0.019328 | I84: =$I$55*H84 -> 123.01917
A85: Total do Grupo IV | H85: =SUM(H82:H84) -> 0.07116 | I85: =SUM(I82:I84) -> 452.92032
A87: V | B87: Encargos Sociais - Grupo V: Incidências | H87: % | I87: Valor Mensal/unidade de serviço (R$)
A88: 1 | B88: INCIDÊNCIA GRUPO II (Obrigações Sociais) X GRUPO III (Tempo Não Trabalhado) | H88: =(H66*H78) -> 0.093819024 | I88: =$I$55*H88 -> 597.14084
A89: Total do Grupo V | H89: =SUM(H88:H88) -> 0.093819024 | I89: =I88 -> 597.14084
A91: TOTAL DOS ENCARGOS SOCIAIS (II + III + IV + V) | H91: =H66+H78+H85+H89 -> 0.78792202 | I91: =I66+I78+I85+I89 -> 5014.9788
A93: VI | B93: Demais custos relativos à Norma Coletiva ou Disposições Legais - Grupo VI | H93: % | I93: Valor Mensal/unidade de serviço (R$)
A94: 1 | B94: Auxílio Alimentação | H94: =I94/$I$55 -> 0.12385589 | I94: =I115 -> 788.32
A95: =A94+1 -> 2 | B95: Auxílio Lanche | H95: =I95/$I$55 -> 0 | I95: =I111 -> 0
A96: =A95+1 -> 3 | B96: Plano de Saúde | H96: =I96/$I$55 -> 0 | I96: 0
A97: =A96+1 -> 4 | B97: Vale-Transporte ⁽⁵⁾ | H97: =I97/$I$55 -> 0.0014086817 | I97: =I107 -> 8.966
A98: =A97+1 -> 5 | B98: Adicional Intervalar | H98: =I98/$I$55 -> 0 | I98: =IF(I28="Não aplicável",0,((I10/H10)*1.5*I28)) -> 0
A99: 6 | B99: Prêmio Assiduidade (quando houver) | H99: =I99/$I$55 -> 0 | I99: =IF(I21="Não aplicável",0,I21) -> 0
A100: 7 | B100: Plano de Benefício Social Familiar (apenas para a CCT SEEAC/SINDASSEIO) | H100: =I100/$I$55 -> 0 | I100: =IF(I22="Não aplicável",0,I22) -> 0
A101: 8 | B101: Auxílio Creche | H101: =I101/$I$46 -> #DIV/0! | I101: 0
A102: 9 | B102: Outros | H102: =I102/$I$55 -> 0 | I102: =IF(I23="Não aplicável",0,I23) -> 0
A103: Total do Grupo VI | H103: =SUM(H94:H102) -> #DIV/0! | I103: =SUM(I94:I102) -> 797.286
A104: (5) | B104: O valor do vale-transporte pode variar de acordo com o modal fornecido pelo empregador.
...

Sheet Maquinista Turno 1
A1: PLANILHA DE CUSTOS E FORMAÇÃO DE PREÇOS DE SERVIÇOS CONTINUADOS COM DEDICAÇÃO EXCLUSIVA DE MÃO DE OBRA (ANEXO III - DECRETO 52.768 de 15.12.2015)
A2: PROCESSO: | C2: 26/1166-9000050-7 | E2: REGIME DE TRIBUTAÇÃO: LUCRO REAL
A3: LICITAÇÃO/EDITAL | E3: ABERTURA:
A5: Cargo/Função: | D5: Maquinista Turno 1 | G5: =IF(D6="12x36","Regime de trabalho:","Quantidade de HORAS/MÊS") -> Quantidade de HORAS/MÊS | I5: =IF(D6="12x36",D6,5*D6) -> 220
A6: =IF(D6="12x36","Regime de trabalho:","Regime de trabalho (horas semanais):") -> Regime de trabalho (horas semanais): | D6: 44
A7: Convenção Coletiva de Trabalho: | D7: RS004149/2025 | G7: INSALUBRIDADE (10%, 20%, 40%) | I7: Não aplicável
A8: Origem do salário: | D8: CCT
A9: Cidade: | D9: Porto Alegre | G9: PERICULOSIDADE (30%) | I9: 0.3
A10: Salário Normativo | G10: Vlr. do salário e nº de horas correspondentes | H10: 220 | I10: 3199.35
A11: ISS | G11: =D9 -> Porto Alegre | H11: Alíquota | I11: 0.025
A12: Tarifa Transporte | G12: CCT | H12: Vr. Unitário | I12: 5.3
H13: Dias | I13: 26
H14: Desconto | I14: 0.06
A15: Auxílio Alimentação | G15: IV ETP | H15: Vr. Unitário | I15: 37.9
H16: Dias | I16: 26
H17: Desconto | I17: 0.2
A18: Auxílio Lanche | G18: CCT | H18: Vr. Unitário | I18: 0
H19: Dias | I19: 0
H20: Desconto | I20: 0
A21: Prêmio Assiduidade / Cesta Básica (quando houver) | G21: CCT | H21: Valor mensal | I21: Não aplicável
A22: Plano de Benefício Social Familiar (apenas para a CCT SEEAC/SINDASSEIO) | G22: CCT | H22: Valor mensal | I22: Não aplicável
A23: Outros benefícios que refletem na planilha de custos, caso constem na CCT. | G23: CCT | H23: Valor mensal | I23: Não aplicável
A24: Adicional de Supervisor (37%) | H24: Porcentagem | I24: Não aplicável
A25: Base de cálculo da insalubridade | H25: Valor | I25: 0
A26: Quantitativo de horas trabalhadas em feriados no mês (estimado) - Não aplicável para postos 12x36 | H26: Horas por mês | I26: Não aplicável
H27: Acréscimo da hora extra | I27: Não aplicável
A28: Hora Intervalar (somente para postos 12x36, quando for o caso) | H28: Horas por mês | I28: Não aplicável
A29: Sem fornecimento de materiais ou apenas fornecimento de EPIs ou uniformes, utilizar 10%. Com fornecimento de materiais ou equipamentos, utilizar 20%. (Decreto 52.768/2015, alterado pelo Decreto 53.424/2017) | H29: Porcentagem | I29: 0.1
I30: Não aplicável
A36: MONTANTE A
A37: I | B37: Remuneração - Grupo I | H37: % | I37: Valor Mensal/unidade de serviço (R$)
A38: 1 | B38: Salário | H38: =I38/$I$46 -> 0.76923077 | I38: =IF(D6="12x36",I10,I10/H10*I5) -> 3199.35
A39: =A38+1 -> 2 | B39: Adicional Periculosidade 30% (Ver súmulas 364, 132 e 191 do TST) | H39: =I39/$I$46 -> 0.23076923 | I39: =IF(I9=30%,I38*I9,0) -> 959.805
A40: =A39+1 -> 3 | B40: Adicional Insalubridade 10% (Ver súmula 228 e 139 TST) (1) | H40: =I40/$I$46 -> 0 | I40: =IF(I7=10%,I25*I7,0) -> 0
A41: =A40+1 -> 4 | B41: Adicional Insalubridade 20% (Ver súmula 228 e 139 TST) (1) | H41: =I41/$I$46 -> 0 | I41: =IF(I7=20%,I25*I7,0) -> 0
A42: =A41+1 -> 5 | B42: Adicional Insalubridade 40% (Ver súmula 228 e 139 TST) (1) | H42: =I42/$I$46 -> 0 | I42: =IF(I7=40%,I25*I7,0) -> 0
A43: =A42+1 -> 6 | B43: Adicional de Supervisor (IN 05/2017 MPOG SLTI) | H43: =I43/$I$46 -> 0 | I43: =IF(I24="Não aplicável",0,I38*I24) -> 0
A44: =A43+1 -> 7 | B44: Feriados | H44: =I44/$I$46 -> 0 | I44: =IF(I26="Não aplicável",0,(I38+I39+I40+I41+I42+I43)/I5*I26*(1+I27)) -> 0
A45: =A44+1 -> 8 | B45: DSR = número total das horas extras do mês / número de dias úteis X domingos e feriados do mês X valor da hora extra com acréscimo | H45: =I45/$I$46 -> 0 | I45: =IF(I26="Não aplicável",0,I26/I13*5*(I10/H10*(1+I27))) -> 0
A46: Total de Remuneração | H46: =SUM(H38:H45) -> 1 | I46: =SUM(I38:I45) -> 4159.155
A47: (1) | B47: Para posto de trabalho que tenha a necessidade de pagamento de adicional de insalubridade, a planilha de custos irá prever o salário proporcional como base de cálculo da insalubridade, conforme Pareceres da PGE nº 21.858/26 e 18.200/2020 e Promoção da PGE disposta no processo administrativo nº 20/2000-0034874-2. Porém, será permitida à licitante a alteração da base de cálculo na planilha de custos para que seja previsto o salário normativo do cargo ou o salário mínimo nacional (o que se aplicar mais benéfico). Uma vez caracterizada a condição insalubre, deve a empresa contratada pagar ao empregado o respectivo adicional na sua integralidade, independentemente da jornada de trabalho do empregado.
A57: II | B57: Encargos Sociais - Grupo II: Obrigações Sociais | H57: % | I57: Valor Mensal/unidade de serviço (R$)
A58: 1 | B58: INSS (art. 22, inc. I, Lei nº 8.212/91) | H58: 0.2 | I58: =$I$46*H58 -> 831.831
A59: 2 | B59: SESI ou SESC (art. 30, Lei nº 8.036/90) | H59: 0.015 | I59: =$I$46*H59 -> 62.387325
A60: 3 | B60: SENAI ou SENAC (Decreto-Lei nº 2.318/86) | H60: 0.01 | I60: =$I$46*H60 -> 41.59155
A61: 4 | B61: INCRA (art. 15I, Lei Complementar nº 011/71) | H61: 0.002 | I61: =$I$46*H61 -> 8.31831
A62: 5 | B62: SALÁRIO EDUCAÇÃO (art. , inc. I, Decreto nº 87.043/82) | H62: 0.025 | I62: =$I$46*H62 -> 103.97888
A63: 6 | B63: FGTS (art. 15, Lei nº 8.036/90) | H63: 0.08 | I63: =$I$46*H63 -> 332.7324
A64: 7 | B64: SEG. ACIDENTE DO TRABALHO 1%, 2% e 3% (art. 22, inc. II, alíneas "b" e "c", da Lei nº 8.212/91) (2) | H64: 0.03 | I64: =$I$46*H64 -> 124.77465
A65: 8 | B65: SEBRAE (§ 3º, art. 8º, Lei nº 8.029/90) | H65: 0.006 | I65: =$I$46*H65 -> 24.95493
A66: Total do Grupo II | H66: =SUM(H58:H65) -> 0.368 | I66: =SUM(I58:I65) -> 1530.569
A67: (2) | B67: Os percentuais para o SAT podem variar de 0,50% a 6,00% em função do Fator de Acidente Previdenciário (FAP), Decreto nº 6.957/2009
B68: Deverá obrigatoriamente acompanhar a proposta de preços e a planilha de custos e formação de preços a prova do Fator Acidentário de Prevenção – FAP por meio de impressão de consulta ao site do Ministério da Previdência Social (que pode ser obtido no endereço eletrônico http://www2.dataprev.gov.br/fap/fap.htm), independentemente de alteração da alíquota da parcela do Seguro Acidente de Trabalho disposta no Quadro II da referida planilha.
A69: III | B69: Encargos Sociais - Grupo III: Tempo Não Trabalhado | H69: % | I69: Valor Mensal/unidade de serviço (R$)
A70: 1 | B70: FÉRIAS GOZADAS + ADICIONAL DE FÉRIAS | H70: 0.119314 | I70: =$I$46*H70 -> 496.24542
A71: 2 | B71: FALTAS ABONADAS (3) | H71: 0.020479 | I71: =$I$46*H71 -> 85.175335
A72: 3 | B72: FALTAS LEGAIS (4) | H72: 0.012123 | I72: =$I$46*H72 -> 50.421436
A73: 4 | B73: LICENÇA MATERNIDADE | H73: 0.011436 | I73: =$I$46*H73 -> 47.564097
A74: 5 | B74: LICENÇA PATERNIDADE | H74: 0.000174 | I74: =$I$46*H74 -> 0.72369297
A75: 6 | B75: ACIDENTE DE TRABALHO | H75: 0.000442 | I75: =$I$46*H75 -> 1.8383465
A76: 7 | B76: AVISO PRÉVIO TRABALHADO | H76: 0.000185 | I76: =$I$46*H76 -> 0.76944367
A77: 8 | B77: 13º SALÁRIO | H77: 0.09079 | I77: =$I$46*H77 -> 377.60968
A78: Total do Grupo III | H78: =SUM(H70:H77) -> 0.254943 | I78: =SUM(I70:I77) -> 1060.3475
A79: (3) | B79: Faltas Justificadas por Auxílio Doença
A80: (4) | B80: Faltas Legais - Art. 473 CLT
A81: IV | B81: Encargos Sociais - Grupo IV: Indenizações | H81: % | I81: Valor Mensal/unidade de serviço (R$)
A82: 1 | B82: INDENIZAÇÕES | H82: 0.048321 | I82: =$I$46*H82 -> 200.97453
A83: 2 | B83: FGTS SOBRE INDENIZAÇÕES | H83: 0.003511 | I83: =$I$46*H83 -> 14.602793
A84: 3 | B84: INDENIZAÇÃO COMPENSATÓRIA POR DEMISSÃO SEM JUSTA CAUSA | H84: 0.019328 | I84: =$I$46*H84 -> 80.388148
A85: Total do Grupo IV | H85: =SUM(H82:H84) -> 0.07116 | I85: =SUM(I82:I84) -> 295.96547
A87: V | B87: Encargos Sociais - Grupo V: Incidências | H87: % | I87: Valor Mensal/unidade de serviço (R$)
A88: 1 | B88: INCIDÊNCIA GRUPO II (Obrigações Sociais) X GRUPO III (Tempo Não Trabalhado) | H88: =(H66*H78) -> 0.093819024 | I88: =$I$46*H88 -> 390.20786
A89: Total do Grupo V | H89: =SUM(H88:H88) -> 0.093819024 | I89: =I88 -> 390.20786
A91: TOTAL DOS ENCARGOS SOCIAIS (II + III + IV + V) | H91: =H66+H78+H85+H89 -> 0.78792202 | I91: =I66+I78+I85+I89 -> 3277.0898
A93: VI | B93: Demais custos relativos à Norma Coletiva ou Disposições Legais - Grupo VI | H93: % | I93: Valor Mensal/unidade de serviço (R$)
A94: 1 | B94: Auxílio Alimentação | H94: =I94/$I$46 -> 0.1895385 | I94: =I115 -> 788.32
A95: =A94+1 -> 2 | B95: Auxílio Lanche | H95: =I95/$I$46 -> 0 | I95: =I111 -> 0
A96: =A95+1 -> 3 | B96: Plano de Saúde | H96: =I96/$I$46 -> 0 | I96: 0
A97: =A96+1 -> 4 | B97: Vale-Transporte⁽⁵⁾ | H97: =I97/$I$46 -> 0.020109614 | I97: =I107 -> 83.639
A98: =A97+1 -> 5 | B98: Adicional Intervalar | H98: =I98/$I$46 -> 0 | I98: =IF(I28="Não aplicável",0,((I10/H10)*1.5*I28)) -> 0
A99: 6 | B99: Prêmio Assiduidade (quando houver) | H99: =I99/$I$46 -> 0 | I99: =IF(I21="Não aplicável",0,I21) -> 0
A100: 7 | B100: Plano de Benefício Social Familiar (apenas para a CCT SEEAC/SINDASSEIO) | H100: =I100/$I$46 -> 0 | I100: =IF(I22="Não aplicável",0,I22) -> 0
A101: 8 | B101: Auxílio Creche | H101: =I101/$I$46 -> 0 | I101: 0
A102: 9 | B102: Outros | H102: =I102/$I$46 -> 0 | I102: =IF(I23="Não aplicável",0,I23) -> 0
A103: Total do Grupo VI | H103: =SUM(H94:H102) -> 0.20964811 | I103: =SUM(I94:I102) -> 871.959
A104: (5) | B104: O valor do vale-transporte pode variar de acordo com o modal fornecido pelo empregador.
A105: MEMÓRIA DE CÁLCULO DO VALE TRANSPORTE
A106: Valor Unitário | C106: Dias de Trabalho | D106: Vale p/dia | E106: Custo total | F106: Base de cálculo | G106: Percentual de desconto | H106: Valor desconto | I106: Custo efetivo
A107: =IF(I12="Não aplicável",0,I12) -> 5.3 | C107: =IF(I13="Não aplicável",0,I13) -> 26 | D107: 2 | E107: =A107*C107*D107 -> 275.6 | F107: =I38 -> 3199.35 | G107: =IF(I14="Não aplicável",0,I14) -> 0.06 | H107: =F107*G107 -> 191.961 | I107: =IF((E107-H107)>0,E107-H107,0) -> 83.639
A109: MEMÓRIA DE CÁLCULO DO VALE LANCHE
A110: Valor Unitário | C110: Dias por mês | D110: Vale p/dia | E110: Custo total | F110: Base de cálculo | G110: Percentual de desconto | H110: Valor desconto | I110: Custo efetivo
A111: =IF(I18="Não aplicável",0,I18) -> 0 | C111: =IF(I19="Não aplicável",0,I19) -> 0 | D111: 1 | E111: =A111*C111*D111 -> 0 | F111: =E111 -> 0 | G111: =IF(I20="Não aplicável",0,I20) -> 0 | H111: =F111*G111 -> 0 | I111: =E111-H111 -> 0
A113: MEMÓRIA DE CÁLCULO DO | F113: =A15 -> Auxílio Alimentação
A114: Valor Unitário | C114: Dias por mês | D114: Vale p/dia | E114: Custo total | F114: Base de cálculo | G114: Percentual de desconto | H114: =H106 -> Valor desconto | I114: Custo efetivo
A115: =IF(I15="Não aplicável",0,I15) -> 37.9 | C115: =IF(I16="Não aplicável",0,I16) -> 26 | D115: 1 | E115: =A115*C115*D115 -> 985.4 | F115: =E115 -> 985.4 | G115: =IF(I17="Não aplicável",0,I17) -> 0.2 | H115: =F115*G115 -> 197.08 | I115: =E115-H115 -> 788.32
A117: TOTAL DO MONTANTE A (I + II + III+ IV + V +VI) | H117: =H46+H91+H103 -> 1.9975701 | I117: =I46+I91+I103 -> 8308.2038
A119: MONTANTE B
A120: I | B120: Despesas Diretas | H120: % | I120: Valor Mensal/unidade de serviço (R$)
A121: 1 | B121: Transporte (6) | H121: =I121/$I$133 -> 0 | I121: 0
A122: 2 | B122: Uniformes/EPI (6a) | H122: =I122/$I$133 -> 0 | I122: 0
...

Sheet Maquinista Turno 2
A1: PLANILHA DE CUSTOS E FORMAÇÃO DE PREÇOS DE SERVIÇOS CONTINUADOS COM DEDICAÇÃO EXCLUSIVA DE MÃO DE OBRA (ANEXO III - DECRETOS 52.768 de 15.12.2015 e 54.273 de 10.10.2018)
A2: PROCESSO: | C2: 26/1166-9000050-7 | E2: REGIME DE TRIBUTAÇÃO: LUCRO REAL
A3: LICITAÇÃO/EDITAL | E3: ABERTURA:
A5: Cargo/Função: | D5: Maquinista Turno 2 | G5: =IF(D6="12x36","Regime de trabalho:","Quantidade de HORAS/MÊS") -> Quantidade de HORAS/MÊS | I5: =IF(D6="12x36",D6,5*D6) -> 220
A6: =IF(D6="12x36","Regime de trabalho:","Regime de trabalho (horas semanais):") -> Regime de trabalho (horas semanais): | D6: 44
A7: Convenção Coletiva de Trabalho: | D7: RS004149/2025 | G7: INSALUBRIDADE (10%, 20%, 40%) | I7: Não aplicável
A8: Origem do salário: | D8: CCT
A9: Cidade: | D9: Porto Alegre | G9: PERICULOSIDADE (30%) | I9: 0.3
A10: Salário Normativo | G10: Vlr. do salário e nº de horas correspondentes | H10: 220 | I10: 3199.35
A11: ISS | G11: =D9 -> Porto Alegre | H11: Alíquota | I11: 0.025
A12: Tarifa Transporte | G12: CCT | H12: Vr. Unitário | I12: 5.3
H13: Dias | I13: 26
H14: Desconto | I14: 0.06
A15: Vale Alimentação | G15: IV ETP | H15: Vr. Unitário | I15: 37.9
H16: Dias | I16: 26
H17: Desconto | I17: 0.2
A18: Auxílio Lanche | G18: CCT | H18: Vr. Unitário | I18: 0
H19: Dias | I19: 0
H20: Desconto | I20: 0
A21: Prêmio Assiduidade (quando houver) | G21: CCT | H21: Valor mensal | I21: Não aplicável
A22: Plano de Benefício Social Familiar (apenas para a CCT SEEAC/SINDASSEIO) | G22: CCT | H22: Valor mensal | I22: Não aplicável
A23: Outros benefícios que refletem na planilha de custos, caso constem na CCT | G23: CCT | H23: Valor mensal | I23: Não aplicável
A24: Adicional de Supervisor (37%) | H24: Porcentagem | I24: Não aplicável
A25: Base de cálculo da insalubridade | H25: Valor | I25: 0
A26: Quantitativo de horas trabalhadas em feriados no mês (estimado) - Não aplicável para postos 12x36 | H26: Horas por mês | I26: Não aplicável
H27: Acréscimo da hora extra | I27: Não aplicável
A28: Hora Intervalar (somente para postos 12x36, quando for o caso) | H28: Horas por mês | I28: Não aplicável
A29: Sem fornecimento de materiais ou apenas fornecimento de EPIs ou uniformes, utilizar 10%. Com fornecimento de materiais ou equipamentos, utilizar 20%. (Decreto 52.768/2015, alterado pelo Decreto 53.424/2017) | H29: Porcentagem | I29: 0.1
A30: Adicional Noturno: Horas: [(60/52,5) x Nº de horas noturnas diárias] x Nº de dias trabalhados com hora noturna Valor hora: (vlr. do salário/nº de horas correspondente do salário) x Porcentagem do adicionl noturno | G30: CCT | H30: Nº horas | I30: =((60/52.5)*1.83)*22 -> 46.011429
H31: Vr. Hora | I31: =I10/H10*I32 -> 2.9085
H32: Porcentagem do adicional noturno | I32: 0.2
A33: Reduzida Noturna Horas Reduzidas: {[(60/52,5) x Nº de horas noturnas diárias] - Nº de horas noturnas diárias} X Nº de dias trabalhados com hora noturna Valor hora: (vlr. do salário/nº de horas correspondente do salário) x 150% (H.Extra) | G33: CCT | H33: Nº horas | I33: =(((60/52.5)*1.83)-1.83)*26 -> 6.7971429
H34: Vr. Hora | I34: =(I10/H10)*1.5 -> 21.81375
I35: Não aplicável
A36: MONTANTE A
A37: I | B37: Remuneração - Grupo I | H37: % | I37: Valor Mensal/unidade de serviço (R$)
A38: 1 | B38: Salário | H38: =I38/$I$55 -> 0.6981977 | I38: =IF(D6="12x36",I10,I10/H10*I5) -> 3199.35
A39: =A38+1 -> 2 | B39: Adicional Noturno 20% (Ver súmula 60 TST) | H39: =I39/$I$55 -> 0 | I39: 0
A40: =A39+1 -> 3 | B40: Adicional Periculosidade 30% (Ver súmulas 364, 132 e 191 do TST) | H40: =I40/$I$55 -> 0.20945931 | I40: =IF(I9=30%,I38*I9,0) -> 959.805
A41: =A40+1 -> 4 | B41: Adicional Insalubridade 10% (Ver súmula 228 e 139 TST) (1) | H41: =I41/$I$55 -> 0 | I41: =IF(I7=10%,I25*I7,0) -> 0
A42: =A41+1 -> 5 | B42: Adicional Insalubridade 20% (Ver súmula 228 e 139 TST) (1) | H42: =I42/$I$55 -> 0 | I42: =IF(I7=20%,I25*I7,0) -> 0
A43: =A42+1 -> 6 | B43: Adicional Insalubridade 40% (Ver súmula 228 e 139 TST) (1) | H43: =I43/$I$55 -> 0 | I43: =IF(I7=40%,I25*I7,0) -> 0
A44: =A43+1 -> 7 | B44: Adicional de Supervisor (IN 05/2017 MPOG SLTI) | H44: =I44/$I$55 -> 0 | I44: =IF(I24="Não aplicável",0,I38*I24) -> 0
A45: =A44+1 -> 8 | B45: Feriados | H45: =I45/$I$55 -> 0 | I45: =IF(I26="Não aplicável",0,(I38+I39+I40+I41+I42+I43+I44+I54)/I5*I26*(1+I27)) -> 0
A46: =A45+1 -> 9 | B46: DSR = número total das horas extras do mês / número de dias úteis X domingos e feriados do mês X valor da hora extra com acréscimo | H46: =I46/$I$55 -> 0 | I46: =IF(I26="Não aplicável",0,I26/I13*5*(I10/H10*(1+I27))) -> 0
A47: =A46+1 -> 10 | B47: Reduzida Noturna | H47: =I47/$I$55 -> 0.032357383 | I47: =I33*I34 -> 148.27117
A48: =A47+1 -> 11 | B48: Adicional de insalubridade sobre Reduzida Noturna | H48: =I48/$I$55 -> 0 | I48: =IF(OR(I7=10%,I7=20%,I7=40%),I47*I7,0) -> 0
A49: =A48+1 -> 12 | B49: Adicional de periculosidade sobre Reduzida Noturna | H49: =I49/$I$55 -> 0.0097072149 | I49: =IF(I9=30%,I47*I9,0) -> 44.481352
A50: =A49+1 -> 13 | B50: Adicional Noturno | H50: =I50/$I$55 -> 0.029204612 | I50: =I30*I31 -> 133.82424
A51: =A50+1 -> 14 | B51: Adicional de insalubridade sobre o Adicional Noturno | H51: =I51/$I$55 -> 0 | I51: =IF(OR(I7=10%,I7=20%,I7=40%),I50*I7,0) -> 0
A52: =A51+1 -> 15 | B52: Adicional de periculosidade sobre o Adicional Noturno | H52: =I52/$I$55 -> 0.0087613837 | I52: =IF(I9=30%,I50*I9,0) -> 40.147272
A53: =A52+1 -> 16 | B53: Integração RSRF (20%) sobre H. Extra Red. Noturna e Adic Noturno = [Reduzida Noturna + Adic. Noturno]*[Descanso Semanal Remunerado] (20%) | H53: =I53/$I$55 -> 0.012312399 | I53: =(I47+I50)*0.2 -> 56.419083
A54: =A53+1 -> 17 | B54: =IF(D6="12x36","Para postos 12x36 os feriados são considerados compensados, conforme parágrafo único, Art. 59-A da CLT","Outros") -> Outros | H54: =I54/$I$55 -> 0 | I54: 0
A55: Total de Remuneração | H55: =SUM(H38:H54) -> 1 | I55: =SUM(I38:I54) -> 4582.2981
A56: (1) | B56: Para posto de trabalho que tenha a necessidade de pagamento de adicional de insalubridade, a planilha de custos irá prever o salário proporcional como base de cálculo da insalubridade, conforme Pareceres da PGE nº 21.858/26 e 18.200/2020 e Promoção da PGE disposta no processo administrativo nº 20/2000-0034874-2. Porém, será permitida à licitante a alteração da base de cálculo na planilha de custos para que seja previsto o salário normativo do cargo ou o salário mínimo nacional (o que se aplicar mais benéfico). Uma vez caracterizada a condição insalubre, deve a empresa contratada pagar ao empregado o respectivo adicional na sua integralidade, independentemente da jornada de trabalho do empregado.
A57: II | B57: Encargos Sociais - Grupo II: Obrigações Sociais | H57: % | I57: Valor Mensal/unidade de serviço (R$)
A58: 1 | B58: INSS (art. 22, inc. I, Lei nº 8.212/91) | H58: 0.2 | I58: =$I$55*H58 -> 916.45962
A59: 2 | B59: SESI ou SESC (art. 30, Lei nº 8.036/90) | H59: 0.015 | I59: =$I$55*H59 -> 68.734472
A60: 3 | B60: SENAI ou SENAC (Decreto-Lei nº 2.318/86) | H60: 0.01 | I60: =$I$55*H60 -> 45.822981
A61: 4 | B61: INCRA (art. 15I, Lei Complementar nº 011/71) | H61: 0.002 | I61: =$I$55*H61 -> 9.1645962
A62: 5 | B62: SALÁRIO EDUCAÇÃO (art. , inc. I, Decreto nº 87.043/82) | H62: 0.025 | I62: =$I$55*H62 -> 114.55745
A63: 6 | B63: FGTS (art. 15, Lei nº 8.036/90) | H63: 0.08 | I63: =$I$55*H63 -> 366.58385
A64: 7 | B64: SEG. ACIDENTE DO TRABALHO 1%, 2% e 3% (art. 22, inc. II, alíneas "b" e "c", da Lei nº 8.212/91) (2) | H64: 0.03 | I64: =$I$55*H64 -> 137.46894
A65: 8 | B65: SEBRAE (§ 3º, art. 8º, Lei nº 8.029/90) | H65: 0.006 | I65: =$I$55*H65 -> 27.493789
A66: Total do Grupo II | H66: =SUM(H58:H65) -> 0.368 | I66: =SUM(I58:I65) -> 1686.2857
A67: (2) | B67: Os percentuais para o SAT podem variar de 0,50% a 6,00% em função do Fator de Acidente Previdenciário (FAP), Decreto nº 6.957/2009
B68: Deverá obrigatoriamente acompanhar a proposta de preços e a planilha de custos e formação de preços a prova do Fator Acidentário de Prevenção – FAP por meio de impressão de consulta ao site do Ministério da Previdência Social (que pode ser obtido no endereço eletrônico http://www2.dataprev.gov.br/fap/fap.htm), independentemente de alteração da alíquota da parcela do Seguro Acidente de Trabalho disposta no Quadro II da referida planilha.
A69: III | B69: Encargos Sociais - Grupo III: Tempo Não Trabalhado | H69: % | I69: Valor Mensal/unidade de serviço (R$)
A70: 1 | B70: FÉRIAS GOZADAS + ADICIONAL DE FÉRIAS | H70: 0.119314 | I70: =$I$55*H70 -> 546.73232
A71: 2 | B71: FALTAS ABONADAS (3) | H71: 0.020479 | I71: =$I$55*H71 -> 93.840883
A72: 3 | B72: FALTAS LEGAIS (4) | H72: 0.012123 | I72: =$I$55*H72 -> 55.5512
A73: 4 | B73: LICENÇA MATERNIDADE | H73: 0.011436 | I73: =$I$55*H73 -> 52.403161
A74: 5 | B74: LICENÇA PATERNIDADE | H74: 0.000174 | I74: =$I$55*H74 -> 0.79731987
A75: 6 | B75: ACIDENTE DE TRABALHO | H75: 0.000442 | I75: =$I$55*H75 -> 2.0253758
A76: 7 | B76: AVISO PRÉVIO TRABALHADO | H76: 0.000185 | I76: =$I$55*H76 -> 0.84772515
A77: 8 | B77: 13º SALÁRIO | H77: 0.09079 | I77: =$I$55*H77 -> 416.02685
A78: Total do Grupo III | H78: =SUM(H70:H77) -> 0.254943 | I78: =SUM(I70:I77) -> 1168.2248
A79: (3) | B79: Faltas Justificadas por Auxílio Doença
A80: (4) | B80: Faltas Legais - Art. 473 CLT
A81: IV | B81: Encargos Sociais - Grupo IV: Indenizações | H81: % | I81: Valor Mensal/unidade de serviço (R$)
A82: 1 | B82: INDENIZAÇÕES | H82: 0.048321 | I82: =$I$55*H82 -> 221.42123
A83: 2 | B83: FGTS SOBRE INDENIZAÇÕES | H83: 0.003511 | I83: =$I$55*H83 -> 16.088449
A84: 3 | B84: INDENIZAÇÃO COMPENSATÓRIA POR DEMISSÃO SEM JUSTA CAUSA | H84: 0.019328 | I84: =$I$55*H84 -> 88.566658
A85: Total do Grupo IV | H85: =SUM(H82:H84) -> 0.07116 | I85: =SUM(I82:I84) -> 326.07633
A87: V | B87: Encargos Sociais - Grupo V: Incidências | H87: % | I87: Valor Mensal/unidade de serviço (R$)
A88: 1 | B88: INCIDÊNCIA GRUPO II (Obrigações Sociais) X GRUPO III (Tempo Não Trabalhado) | H88: =(H66*H78) -> 0.093819024 | I88: =$I$55*H88 -> 429.90674
A89: Total do Grupo V | H89: =SUM(H88:H88) -> 0.093819024 | I89: =I88 -> 429.90674
A91: TOTAL DOS ENCARGOS SOCIAIS (II + III + IV + V) | H91: =H66+H78+H85+H89 -> 0.78792202 | I91: =I66+I78+I85+I89 -> 3610.4936
A93: VI | B93: Demais custos relativos à Norma Coletiva ou Disposições Legais - Grupo VI | H93: % | I93: Valor Mensal/unidade de serviço (R$)
A94: 1 | B94: Auxílio Alimentação | H94: =I94/$I$55 -> 0.17203595 | I94: =I115 -> 788.32
A95: =A94+1 -> 2 | B95: Auxílio Lanche | H95: =I95/$I$55 -> 0 | I95: =I111 -> 0
A96: =A95+1 -> 3 | B96: Plano de Saúde | H96: =I96/$I$55 -> 0 | I96: 0
A97: =A96+1 -> 4 | B97: Vale-Transporte ⁽⁵⁾ | H97: =I97/$I$55 -> 0.018252632 | I97: =I107 -> 83.639
A98: =A97+1 -> 5 | B98: Adicional Intervalar | H98: =I98/$I$55 -> 0 | I98: =IF(I28="Não aplicável",0,((I10/H10)*1.5*I28)) -> 0
A99: 6 | B99: Prêmio Assiduidade (quando houver) | H99: =I99/$I$55 -> 0 | I99: =IF(I21="Não aplicável",0,I21) -> 0
A100: 7 | B100: Plano de Benefício Social Familiar (apenas para a CCT SEEAC/SINDASSEIO) | H100: =I100/$I$55 -> 0 | I100: =IF(I22="Não aplicável",0,I22) -> 0
A101: 8 | B101: Auxílio Creche | H101: =I101/$I$46 -> #DIV/0! | I101: 0
A102: 9 | B102: Outros | H102: =I102/$I$55 -> 0 | I102: =IF(I23="Não aplicável",0,I23) -> 0
A103: Total do Grupo VI | H103: =SUM(H94:H102) -> #DIV/0! | I103: =SUM(I94:I102) -> 871.959
A104: (5) | B104: O valor do vale-transporte pode variar de acordo com o modal fornecido pelo empregador.
...

Sheet Diretor
A1: PLANILHA DE CUSTOS E FORMAÇÃO DE PREÇOS DE SERVIÇOS CONTINUADOS COM DEDICAÇÃO EXCLUSIVA DE MÃO DE OBRA (ANEXO III - DECRETO 52.768 de 15.12.2015)
A2: PROCESSO: | C2: 26/1166-9000050-7 | E2: REGIME DE TRIBUTAÇÃO: LUCRO REAL
A3: LICITAÇÃO/EDITAL | E3: ABERTURA:
A5: Cargo/Função: | D5: Diretor de Palco | G5: =IF(D6="12x36","Regime de trabalho:","Quantidade de HORAS/MÊS") -> Quantidade de HORAS/MÊS | I5: =IF(D6="12x36",D6,5*D6) -> 220
A6: =IF(D6="12x36","Regime de trabalho:","Regime de trabalho (horas semanais):") -> Regime de trabalho (horas semanais): | D6: 44
A7: Convenção Coletiva de Trabalho: | D7: RS004149/2025 | G7: INSALUBRIDADE (10%, 20%, 40%) | I7: Não aplicável
A8: Origem do salário: | D8: CCT
A9: Cidade: | D9: Porto Alegre | G9: PERICULOSIDADE (30%) | I9: 0.3
A10: Salário Normativo | G10: Vlr. do salário e nº de horas correspondentes | H10: 220 | I10: 5242.91
A11: ISS | G11: =D9 -> Porto Alegre | H11: Alíquota | I11: 0.025
A12: Tarifa Transporte | G12: CCT | H12: Vr. Unitário | I12: 5.3
H13: Dias | I13: 26
H14: Desconto | I14: 0.06
A15: Auxílio Alimentação | G15: IV ETP | H15: Vr. Unitário | I15: 37.9
H16: Dias | I16: 26
H17: Desconto | I17: 0.2
A18: Auxílio Lanche | G18: CCT | H18: Vr. Unitário | I18: 0
H19: Dias | I19: 0
H20: Desconto | I20: 0
A21: Prêmio Assiduidade / Cesta Básica (quando houver) | G21: CCT | H21: Valor mensal | I21: Não aplicável
A22: Plano de Benefício Social Familiar (apenas para a CCT SEEAC/SINDASSEIO) | G22: CCT | H22: Valor mensal | I22: Não aplicável
A23: Outros benefícios que refletem na planilha de custos, caso constem na CCT. | G23: CCT | H23: Valor mensal | I23: Não aplicável
A24: Adicional de Supervisor (37%) | H24: Porcentagem | I24: Não aplicável
A25: Base de cálculo da insalubridade | H25: Valor | I25: 0
A26: Quantitativo de horas trabalhadas em feriados no mês (estimado) - Não aplicável para postos 12x36 | H26: Horas por mês | I26: Não aplicável
H27: Acréscimo da hora extra | I27: Não aplicável
A28: Hora Intervalar (somente para postos 12x36, quando for o caso) | H28: Horas por mês | I28: Não aplicável
A29: Sem fornecimento de materiais ou apenas fornecimento de EPIs ou uniformes, utilizar 10%. Com fornecimento de materiais ou equipamentos, utilizar 20%. (Decreto 52.768/2015, alterado pelo Decreto 53.424/2017) | H29: Porcentagem | I29: 0.1
I30: Não aplicável
A36: MONTANTE A
A37: I | B37: Remuneração - Grupo I | H37: % | I37: Valor Mensal/unidade de serviço (R$)
A38: 1 | B38: Salário | H38: =I38/$I$46 -> 0.76923077 | I38: =IF(D6="12x36",I10,I10/H10*I5) -> 5242.91
A39: =A38+1 -> 2 | B39: Adicional Periculosidade 30% (Ver súmulas 364, 132 e 191 do TST) | H39: =I39/$I$46 -> 0.23076923 | I39: =IF(I9=30%,I38*I9,0) -> 1572.873
A40: =A39+1 -> 3 | B40: Adicional Insalubridade 10% (Ver súmula 228 e 139 TST) (1) | H40: =I40/$I$46 -> 0 | I40: =IF(I7=10%,I25*I7,0) -> 0
A41: =A40+1 -> 4 | B41: Adicional Insalubridade 20% (Ver súmula 228 e 139 TST) (1) | H41: =I41/$I$46 -> 0 | I41: =IF(I7=20%,I25*I7,0) -> 0
A42: =A41+1 -> 5 | B42: Adicional Insalubridade 40% (Ver súmula 228 e 139 TST) (1) | H42: =I42/$I$46 -> 0 | I42: =IF(I7=40%,I25*I7,0) -> 0
A43: =A42+1 -> 6 | B43: Adicional de Supervisor (IN 05/2017 MPOG SLTI) | H43: =I43/$I$46 -> 0 | I43: =IF(I24="Não aplicável",0,I38*I24) -> 0
A44: =A43+1 -> 7 | B44: Feriados | H44: =I44/$I$46 -> 0 | I44: =IF(I26="Não aplicável",0,(I38+I39+I40+I41+I42+I43)/I5*I26*(1+I27)) -> 0
A45: =A44+1 -> 8 | B45: DSR = número total das horas extras do mês / número de dias úteis X domingos e feriados do mês X valor da hora extra com acréscimo | H45: =I45/$I$46 -> 0 | I45: =IF(I26="Não aplicável",0,I26/I13*5*(I10/H10*(1+I27))) -> 0
A46: Total de Remuneração | H46: =SUM(H38:H45) -> 1 | I46: =SUM(I38:I45) -> 6815.783
A47: (1) | B47: Para posto de trabalho que tenha a necessidade de pagamento de adicional de insalubridade, a planilha de custos irá prever o salário proporcional como base de cálculo da insalubridade, conforme Pareceres da PGE nº 21.858/26 e 18.200/2020 e Promoção da PGE disposta no processo administrativo nº 20/2000-0034874-2. Porém, será permitida à licitante a alteração da base de cálculo na planilha de custos para que seja previsto o salário normativo do cargo ou o salário mínimo nacional (o que se aplicar mais benéfico). Uma vez caracterizada a condição insalubre, deve a empresa contratada pagar ao empregado o respectivo adicional na sua integralidade, independentemente da jornada de trabalho do empregado.
A57: II | B57: Encargos Sociais - Grupo II: Obrigações Sociais | H57: % | I57: Valor Mensal/unidade de serviço (R$)
A58: 1 | B58: INSS (art. 22, inc. I, Lei nº 8.212/91) | H58: 0.2 | I58: =$I$46*H58 -> 1363.1566
A59: 2 | B59: SESI ou SESC (art. 30, Lei nº 8.036/90) | H59: 0.015 | I59: =$I$46*H59 -> 102.23674
A60: 3 | B60: SENAI ou SENAC (Decreto-Lei nº 2.318/86) | H60: 0.01 | I60: =$I$46*H60 -> 68.15783
A61: 4 | B61: INCRA (art. 15I, Lei Complementar nº 011/71) | H61: 0.002 | I61: =$I$46*H61 -> 13.631566
A62: 5 | B62: SALÁRIO EDUCAÇÃO (art. , inc. I, Decreto nº 87.043/82) | H62: 0.025 | I62: =$I$46*H62 -> 170.39458
A63: 6 | B63: FGTS (art. 15, Lei nº 8.036/90) | H63: 0.08 | I63: =$I$46*H63 -> 545.26264
A64: 7 | B64: SEG. ACIDENTE DO TRABALHO 1%, 2% e 3% (art. 22, inc. II, alíneas "b" e "c", da Lei nº 8.212/91) (2) | H64: 0.03 | I64: =$I$46*H64 -> 204.47349
A65: 8 | B65: SEBRAE (§ 3º, art. 8º, Lei nº 8.029/90) | H65: 0.006 | I65: =$I$46*H65 -> 40.894698
A66: Total do Grupo II | H66: =SUM(H58:H65) -> 0.368 | I66: =SUM(I58:I65) -> 2508.2081
A67: (2) | B67: Os percentuais para o SAT podem variar de 0,50% a 6,00% em função do Fator de Acidente Previdenciário (FAP), Decreto nº 6.957/2009
B68: Deverá obrigatoriamente acompanhar a proposta de preços e a planilha de custos e formação de preços a prova do Fator Acidentário de Prevenção – FAP por meio de impressão de consulta ao site do Ministério da Previdência Social (que pode ser obtido no endereço eletrônico http://www2.dataprev.gov.br/fap/fap.htm), independentemente de alteração da alíquota da parcela do Seguro Acidente de Trabalho disposta no Quadro II da referida planilha.
A69: III | B69: Encargos Sociais - Grupo III: Tempo Não Trabalhado | H69: % | I69: Valor Mensal/unidade de serviço (R$)
A70: 1 | B70: FÉRIAS GOZADAS + ADICIONAL DE FÉRIAS | H70: 0.119314 | I70: =$I$46*H70 -> 813.21833
A71: 2 | B71: FALTAS ABONADAS (3) | H71: 0.020479 | I71: =$I$46*H71 -> 139.58042
A72: 3 | B72: FALTAS LEGAIS (4) | H72: 0.012123 | I72: =$I$46*H72 -> 82.627737
A73: 4 | B73: LICENÇA MATERNIDADE | H73: 0.011436 | I73: =$I$46*H73 -> 77.945294
A74: 5 | B74: LICENÇA PATERNIDADE | H74: 0.000174 | I74: =$I$46*H74 -> 1.1859462
A75: 6 | B75: ACIDENTE DE TRABALHO | H75: 0.000442 | I75: =$I$46*H75 -> 3.0125761
A76: 7 | B76: AVISO PRÉVIO TRABALHADO | H76: 0.000185 | I76: =$I$46*H76 -> 1.2609199
A77: 8 | B77: 13º SALÁRIO | H77: 0.09079 | I77: =$I$46*H77 -> 618.80494
A78: Total do Grupo III | H78: =SUM(H70:H77) -> 0.254943 | I78: =SUM(I70:I77) -> 1737.6362
A79: (3) | B79: Faltas Justificadas por Auxílio Doença
A80: (4) | B80: Faltas Legais - Art. 473 CLT
A81: IV | B81: Encargos Sociais - Grupo IV: Indenizações | H81: % | I81: Valor Mensal/unidade de serviço (R$)
A82: 1 | B82: INDENIZAÇÕES | H82: 0.048321 | I82: =$I$46*H82 -> 329.34545
A83: 2 | B83: FGTS SOBRE INDENIZAÇÕES | H83: 0.003511 | I83: =$I$46*H83 -> 23.930214
A84: 3 | B84: INDENIZAÇÃO COMPENSATÓRIA POR DEMISSÃO SEM JUSTA CAUSA | H84: 0.019328 | I84: =$I$46*H84 -> 131.73545
A85: Total do Grupo IV | H85: =SUM(H82:H84) -> 0.07116 | I85: =SUM(I82:I84) -> 485.01112
A87: V | B87: Encargos Sociais - Grupo V: Incidências | H87: % | I87: Valor Mensal/unidade de serviço (R$)
A88: 1 | B88: INCIDÊNCIA GRUPO II (Obrigações Sociais) X GRUPO III (Tempo Não Trabalhado) | H88: =(H66*H78) -> 0.093819024 | I88: =$I$46*H88 -> 639.45011
A89: Total do Grupo V | H89: =SUM(H88:H88) -> 0.093819024 | I89: =I88 -> 639.45011
A91: TOTAL DOS ENCARGOS SOCIAIS (II + III + IV + V) | H91: =H66+H78+H85+H89 -> 0.78792202 | I91: =I66+I78+I85+I89 -> 5370.3055
A93: VI | B93: Demais custos relativos à Norma Coletiva ou Disposições Legais - Grupo VI | H93: % | I93: Valor Mensal/unidade de serviço (R$)
A94: 1 | B94: Auxílio Alimentação | H94: =I94/$I$46 -> 0.11566096 | I94: =I115 -> 788.32
A95: =A94+1 -> 2 | B95: Auxílio Lanche | H95: =I95/$I$46 -> 0 | I95: =I111 -> 0
A96: =A95+1 -> 3 | B96: Plano de Saúde | H96: =I96/$I$46 -> 0 | I96: 0
A97: =A96+1 -> 4 | B97: Vale-Transporte⁽⁵⁾ | H97: =I97/$I$46 -> 0 | I97: =I107 -> 0
A98: =A97+1 -> 5 | B98: Adicional Intervalar | H98: =I98/$I$46 -> 0 | I98: =IF(I28="Não aplicável",0,((I10/H10)*1.5*I28)) -> 0
A99: 6 | B99: Prêmio Assiduidade (quando houver) | H99: =I99/$I$46 -> 0 | I99: =IF(I21="Não aplicável",0,I21) -> 0
A100: 7 | B100: Plano de Benefício Social Familiar (apenas para a CCT SEEAC/SINDASSEIO) | H100: =I100/$I$46 -> 0 | I100: =IF(I22="Não aplicável",0,I22) -> 0
A101: 8 | B101: Auxílio Creche | H101: =I101/$I$46 -> 0 | I101: 0
A102: 9 | B102: Outros | H102: =I102/$I$46 -> 0 | I102: =IF(I23="Não aplicável",0,I23) -> 0
A103: Total do Grupo VI | H103: =SUM(H94:H102) -> 0.11566096 | I103: =SUM(I94:I102) -> 788.32
A104: (5) | B104: O valor do vale-transporte pode variar de acordo com o modal fornecido pelo empregador.
A105: MEMÓRIA DE CÁLCULO DO VALE TRANSPORTE
A106: Valor Unitário | C106: Dias de Trabalho | D106: Vale p/dia | E106: Custo total | F106: Base de cálculo | G106: Percentual de desconto | H106: Valor desconto | I106: Custo efetivo
A107: =IF(I12="Não aplicável",0,I12) -> 5.3 | C107: =IF(I13="Não aplicável",0,I13) -> 26 | D107: 2 | E107: =A107*C107*D107 -> 275.6 | F107: =I38 -> 5242.91 | G107: =IF(I14="Não aplicável",0,I14) -> 0.06 | H107: =F107*G107 -> 314.5746 | I107: =IF((E107-H107)>0,E107-H107,0) -> 0
A109: MEMÓRIA DE CÁLCULO DO VALE LANCHE
A110: Valor Unitário | C110: Dias por mês | D110: Vale p/dia | E110: Custo total | F110: Base de cálculo | G110: Percentual de desconto | H110: Valor desconto | I110: Custo efetivo
A111: =IF(I18="Não aplicável",0,I18) -> 0 | C111: =IF(I19="Não aplicável",0,I19) -> 0 | D111: 1 | E111: =A111*C111*D111 -> 0 | F111: =E111 -> 0 | G111: =IF(I20="Não aplicável",0,I20) -> 0 | H111: =F111*G111 -> 0 | I111: =E111-H111 -> 0
A113: MEMÓRIA DE CÁLCULO DO | F113: =A15 -> Auxílio Alimentação
A114: Valor Unitário | C114: Dias por mês | D114: Vale p/dia | E114: Custo total | F114: Base de cálculo | G114: Percentual de desconto | H114: =H106 -> Valor desconto | I114: Custo efetivo
A115: =IF(I15="Não aplicável",0,I15) -> 37.9 | C115: =IF(I16="Não aplicável",0,I16) -> 26 | D115: 1 | E115: =A115*C115*D115 -> 985.4 | F115: =E115 -> 985.4 | G115: =IF(I17="Não aplicável",0,I17) -> 0.2 | H115: =F115*G115 -> 197.08 | I115: =E115-H115 -> 788.32
A117: TOTAL DO MONTANTE A (I + II + III+ IV + V +VI) | H117: =H46+H91+H103 -> 1.903583 | I117: =I46+I91+I103 -> 12974.409
A119: MONTANTE B
A120: I | B120: Despesas Diretas | H120: % | I120: Valor Mensal/unidade de serviço (R$)
A121: 1 | B121: Transporte (6) | H121: =I121/$I$133 -> 0 | I121: 0
A122: 2 | B122: Uniformes/EPI (6a) | H122: =I122/$I$133 -> 0 | I122: 0
...

Sheet Resumo
A1: Função | B1: Cidade | C1: Carga Horária | D1: Dias da semana | E1: Nº de Postos | F1: Valor unitário mensal de MATERIAL/EQUIPAMENTO | G1: Valor total mensal de MATERIAL/EQUIPAMENTO | H1: Valor unitário mensal de retenção para a CONTA VINCULADA | I1: Valor total mensal de retenção para a CONTA VINCULADA | J1: Valor unitário mensal do posto | K1: Valor total mensal do posto
A2: Técnicos de Luz, Som e Vídeo Turno 1 | B2: Porto Alegre | C2: 44h | D2: terça-domingo | E2: 12 | F2: ='Técnico Turno 1'!I191 -> 0 | G2: =F2*E2 -> 0 | H2: ='Técnico Turno 1'!I194 -> 2224.3004 | I2: =H2*E2 -> 26691.605 | J2: ='Técnico Turno 1'!I197 -> 12607.63 | K2: =E2*J2 -> 151291.56
A3: Técnicos de Luz, Som e Vídeo Turno 2 | B3: Porto Alegre | C3: 44h | D3: terça-domingo | E3: 10 | F3: ='Técnico Turno 2'!I191 -> 0 | G3: =F3*E3 -> 0 | H3: ='Técnico Turno 2'!I194 -> 2450.5957 | I3: =H3*E3 -> 24505.957 | J3: ='Técnico Turno 2'!I197 -> 13798.39 | K3: =E3*J3 -> 137983.9
A4: Maquinistas Turno 1 | B4: Porto Alegre | C4: 44h | D4: terça-domingo | E4: 2 | F4: ='Maquinista Turno 1'!I191 -> 0 | G4: =F4*E4 -> 0 | H4: ='Maquinista Turno 1'!I194 -> 1601.3671 | I4: =H4*E4 -> 3202.7343 | J4: ='Maquinista Turno 1'!I197 -> 9414.4 | K4: =E4*J4 -> 18828.8
A5: Maquinistas Turno 2 | B5: Porto Alegre | C5: 44h | D5: terça-domingo | E5: 2 | F5: ='Maquinista Turno 2'!I191 -> 0 | G5: =F5*E5 -> 0 | H5: ='Maquinista Turno 2'!I194 -> 1764.2867 | I5: =H5*E5 -> 3528.5733 | J5: ='Maquinista Turno 2'!I197 -> 10271.67 | K5: =E5*J5 -> 20543.34
A6: Diretor de Palco | B6: Porto Alegre | C6: 44h | D6: terça-domingo | E6: 1 | F6: =Diretor!I191 -> 0 | G6: =F6*E6 -> 0 | H6: =Diretor!I194 -> 2624.228 | I6: =H6*E6 -> 2624.228 | J6: =Diretor!I197 -> 14701.88 | K6: =E6*J6 -> 14701.88
A8: TOTAL DE POSTOS: | E8: =SUM(E2:E6) -> 27 | F8: VALOR TOTAL MENSAL DE MATERIAIS/EQUIPAMENTOS: | G8: =SUM(G2:G6) -> 0 | H8: VALOR MENSAL PARA RETENÇÃO EM CONTA VINCULADA: | I8: =SUM(I2:I6) -> 60553.097 | J8: PORCENTAGEM CORRESPONDENTE EM RELAÇÃO AO VALOR TOTAL PARA RETENÇÃO EM CONTA VINCULADA: | K8: =I8/K10 -> 0.17635995
A10: VALOR GLOBAL MENSAL: | K10: =SUM(K2:K6) -> 343349.48
